 Dungeon Crawl Stone Soup version 0.28-a0-793-g31680bbd8b (webtiles) character file.

Game seed: 14904105643675856834

131 Ijustatesigmund the Covert (level 5, -6/47 HPs)
             Began as a Gnoll Delver on Nov 4, 2021.
             Killed by divine providence
             ... invoked by an orc priest
              (13 damage)
             ... on level 3 of the Dungeon.
             The game lasted 00:07:34 (4389 turns).

Ijustatesigmund the Covert (Gnoll Delver)           Turns: 4389, Time: 00:07:35

Health: -6/47      AC: 10    Str: 12    XL:     5   Next: 14%
Magic:  7/7        EV:  0    Int: 10    God:
Gold:   86         SH: 11    Dex: 13    Spells: 6/6 levels left

rFire   . . .      SeeInvis .   a - +0 hand axe
rCold   . . .      Faith    .   j - +0 tower shield
rNeg    . . .      Spirit   .   b - +0 plate armour
rPois   .          Reflect  .   (no helmet)
rElec   .          Harm     .   (no cloak)
rCorr   +          Rampage  .   (no gloves)
Will    .....                   (no boots)
Stlth   ..........              k - amulet of regeneration
HPRegen 1.15/turn               m - ring of resist corrosion
MPRegen 0.10/turn               (no ring)

@: no status effects
A: fangs 1, strong nose, distributed training
a: no special abilities


You were on level 3 of the Dungeon.
You visited 2 branches of the dungeon, and saw 6 of its levels.

You collected 86 gold pieces.

Inventory:

Hand Weapons
 a - a +0 hand axe (weapon)
 s - a +1 short sword of holy wrath
Missiles
 p - 5 atropa-tipped darts
 r - 9 poisoned darts (quivered)
Armour
 b - a +0 plate armour (worn)
 j - a +0 tower shield (worn)
Jewellery
 k - an amulet of regeneration (around neck)
 m - a ring of resist corrosion (left hand)
Wands
 g - a wand of digging (3)
Scrolls
 c - a scroll of fog
 d - a scroll of magic mapping
 e - 2 scrolls of teleportation
 f - 3 scrolls of identify
 h - 2 scrolls of torment
 n - a scroll of silence
Potions
 i - a potion of might {unknown}
 l - 2 potions of brilliance
 o - a potion of curing {unknown}
 q - a potion of berserk rage {unknown}


   Skills:
 + Level 6.6 Fighting
 + Level 1.4 Short Blades
 + Level 1.4 Long Blades
 + Level 4.7 Axes
 + Level 1.4 Maces & Flails
 + Level 1.4 Polearms
 + Level 1.4 Staves
 + Level 1.4 Slings
 + Level 1.4 Bows
 + Level 1.4 Crossbows
 + Level 1.4 Throwing
 + Level 1.4 Armour
 + Level 4.7 Dodging
 + Level 9.6 Stealth
 + Level 1.4 Shields
 + Level 1.4 Unarmed Combat
 + Level 1.4 Spellcasting
 + Level 1.1 Conjurations
 + Level 1.1 Hexes
 + Level 1.1 Summonings
 + Level 1.1 Necromancy
 + Level 1.1 Translocations
 + Level 1.1 Transmutations
 + Level 1.1 Fire Magic
 + Level 1.1 Ice Magic
 + Level 1.1 Air Magic
 + Level 1.1 Earth Magic
 + Level 1.1 Poison Magic
 + Level 1.5 Invocations
 + Level 1.4 Evocations


You had 6 spell levels left.
You didn't know any spells.
Your spell library contained the following spells:

 Spells                   Type           Power      Damage    Failure   Level
 Sandblast                Erth           4%         2d4       100%        1
 Ensorcelled Hibernation  Hex/Ice        4%         N/A       100%        2
 Passwall                 Tmut/Erth      1%         N/A       100%        2
 Spider Form              Tmut/Pois      2%         N/A       100%        3
 Stone Arrow              Conj/Erth      4%         3d7       100%        3


Dungeon Overview and Level Annotations

Branches:
Dungeon (5/15)             Temple (1/1) D:4

Altars:

Annotations:
D:4 Grinder


Innate Abilities, Weirdness & Mutations

You have very sharp teeth.
Your uncanny sense of smell can sniff out nearby items.
Your experience applies equally to all skills.


Message History

No target in view!
No target in view!
No target in view!
No target in view!
You climb downwards.
Level annotation: Grinder The orc wizard casts a spell at you.
The puff of flame hits you!
The orc wizard mumbles some strange words.
The orc wizard flickers and vanishes!
Deactivating autopickup; reactivate with Ctrl-A.
The orc priest hits you with a +0 hand axe.
There is a stone staircase leading up here.
You block the orc priest's attack.
You climb upwards.
Reactivating autopickup.
There is a stone staircase leading down here.
You hit the orc priest.
The orc priest is moderately wounded.
The orc priest hits you but does no damage.
You closely miss the orc priest.
The orc priest is moderately wounded.
You block the orc priest's attack.
The orc priest hits you with a +0 hand axe.
You hit the orc priest. Your bite misses the orc priest.
The orc priest is severely wounded.
The orc priest mumbles some strange prayers to Beogh against you.
Pain shoots through your body!
You hit the orc priest.
The orc priest is almost dead.
The orc priest invokes the aid of Beogh against you.
Beogh smites you!
The orc priest mumbles some strange prayers to Beogh against you.
Beogh smites you!
* * * LOW HITPOINT WARNING * * *
You hit the orc priest.
The orc priest is almost dead.
The orc priest calls down the wrath of Beogh upon you.
Beogh smites you!
You die...

##############
.............#
#######>...###
#######.###########
..................#
..................#
..######.....[.o..#
..# ##........@.#
.## #..##.#######
## ##.###<# .#
#..##..# .#
##.###..#
.####..##..##
......#....#
.#####..##.# .#
#..###.#


You could see an orc priest.

Vanquished Creatures
  Terence (D:2)
  An adder (D:2)
  A dart slug (D:1)
  4 worms
  12 orcs (D:3)
  4 endoplasms
  2 giant cockroaches
  10 goblins
  2 hobgoblins (D:1)
  2 quokkas (D:1)
  6 ball pythons
  7 bats
  4 frilled lizards
  6 kobolds
  4 rats
66 creatures vanquished.

Vanquished Creatures (collateral kills)
  A ball python (D:1)
1 creature vanquished.

Grand Total: 67 creatures vanquished

Notes
Turn   | Place    | Note
-------+----------+-------------------------------------------
     0 | D:5      | Reached skill level 9 in Stealth
     0 | D:5      | Ijustatesigmund the Gnoll Delver began the quest for the
                  | Orb.
     0 | D:5      | Reached XP level 1. HP: 23/23 MP: 1/1
    33 | D:5      | Noticed a jelly
    51 | D:5      | HP: 1/23 [bullfrog zombie (2)]
    54 | D:4      | Found a staircase to the Ecumenical Temple.
    59 | D:4      | HP: 1/23 [goblin (1)]
    72 | Temple   | Entered the Ecumenical Temple
   622 | D:4      | Noticed a jelly
   756 | D:2      | Found a faded altar of an unknown god.
   783 | D:2      | Noticed Terence
   794 | D:2      | HP: 1/23 [Terence (1)]
  1387 | D:1      | Reached XP level 2. HP: 22/29 MP: 2/2
  2219 | D:1      | Reached XP level 3. HP: 29/35 MP: 3/3
  2614 | D:1      | Reached skill level 1 in Invocations
  3174 | D:2      | Reached skill level 1 in Short Blades
  3174 | D:2      | Reached skill level 1 in Long Blades
  3174 | D:2      | Reached skill level 1 in Maces & Flails
  3174 | D:2      | Reached skill level 1 in Polearms
  3174 | D:2      | Reached skill level 1 in Staves
  3174 | D:2      | Reached skill level 1 in Slings
  3174 | D:2      | Reached skill level 1 in Bows
  3174 | D:2      | Reached skill level 1 in Crossbows
  3174 | D:2      | Reached skill level 1 in Throwing
  3174 | D:2      | Reached skill level 1 in Armour
  3174 | D:2      | Reached skill level 1 in Shields
  3174 | D:2      | Reached skill level 1 in Unarmed Combat
  3174 | D:2      | Reached skill level 1 in Spellcasting
  3174 | D:2      | Reached skill level 1 in Evocations
  3177 | D:2      | Reached XP level 4. HP: 41/41 MP: 5/5
  3852 | D:2      | Killed Terence
  3853 | D:2      | Reached skill level 1 in Conjurations
  3853 | D:2      | Reached skill level 1 in Hexes
  3853 | D:2      | Reached skill level 1 in Summonings
  3853 | D:2      | Reached skill level 1 in Necromancy
  3853 | D:2      | Reached skill level 1 in Translocations
  3853 | D:2      | Reached skill level 1 in Transmutations
  3853 | D:2      | Reached skill level 1 in Fire Magic
  3853 | D:2      | Reached skill level 1 in Ice Magic
  3853 | D:2      | Reached skill level 1 in Air Magic
  3853 | D:2      | Reached skill level 1 in Earth Magic
  3853 | D:2      | Reached skill level 1 in Poison Magic
  4032 | D:3      | Reached XP level 5. HP: 47/47 MP: 6/6
  4372 | D:4      | Noticed Grinder
  4389 | D:3      | Killed from afar by an orc priest

Illustrated notes

Levels and vault maps discovered:
D:1:      eino_arrival_cavern_e, layout_basic, minmay_cut_off
D:2:      layout_basic, basic_ecumenical_altar, uniq_terence
D:3:      layout_rooms, chequers_serial_rivers_micro_b
D:4:      layout_rooms, temple_fountains, uniq_pikel, uniq_grinder
D:5:      layout_basic, uniq_crazy_yiuf_cottage, uniq_edmund
Temple:   kilobyte_greek_temple

Skill      XL: |  1  2  3  4 |
---------------+-------------+-----
Stealth        | |  9.6
Invocations    | 1 |  1.5
Short Blades   | 1 |  1.4
Long Blades    | 1 |  1.4
Maces & Flails | 1 |  1.4
Polearms       | 1 |  1.4
Staves         | 1 |  1.4
Slings         | 1 |  1.4
Bows           | 1 |  1.4
Crossbows      | 1 |  1.4
Throwing       | 1 |  1.4
Armour         | 1 |  1.4
Shields        | 1 |  1.4
Unarmed Combat | 1 |  1.4
Spellcasting   | 1 |  1.4
Evocations     | 1 |  1.4
Conjurations   | 1 |  1.1
Hexes          | 1 |  1.1
Summonings     | 1 |  1.1
Necromancy     | 1 |  1.1
Translocations | 1 |  1.1
Transmutations | 1 |  1.1
Fire Magic     | 1 |  1.1
Ice Magic      | 1 |  1.1
Air Magic      | 1 |  1.1
Earth Magic    | 1 |  1.1
Poison Magic   | 1 |  1.1
Fighting       | |  6.6
Axes           | |  4.7
Dodging        | |  4.7

Action                   |  1- 3 |  4- 6 || total
-------------------------+-------+-------++-------
Melee: Hand axe          |   129 |   163 ||   292
       Bite              |     8 |    19 ||    27
Throw: Dart              |    10 |     6 ||    16
  Use: Scroll            |     6 |       ||     6
       Potion            |     1 |       ||     1
Armor: Plate armour      |   111 |   113 ||   224
Dodge: Dodged            |     3 |     3 ||     6
Block: Tower shield      |    96 |    99 ||   195

Table legend: (Time is in decaauts)
 A = Elapsed time spent in this place.
 B = Non-inter-level travel time spent in this place.
 C = Inter-level travel time spent in this place.
 D = Time resting spent in this place.
 E = Time spent auto-exploring this place.
 F = Levels seen in this place.
 G = Mean time per level.
                   A        B        C        D        E       F      G
               +--------+--------+--------+--------+--------+-----+--------+
         Total |   4537 |   4496 |     41 |   1610 |   1997 |   6 |  756.2 |
       Dungeon |   4036 |   3995 |     41 |   1111 |   1997 |   5 |  807.2 |
        Temple |    500 |    500 |      0 |    499 |      0 |   1 |  500.0 |
               +--------+--------+--------+--------+--------+-----+--------+

Top non-repeatable levels by time:
     D:1: 1771 daAuts
     D:2: 1429 daAuts
     D:3: 689 daAuts
  Temple: 500 daAuts
     D:4: 92 daAuts
     D:5: 54 daAuts
